 Dungeon Crawl Stone Soup version 0.27.1-33-g824d729ab1 (webtiles) character file.

Game seed: 14229658663437246815

10584 jlumianski the Cruncher (level 11, -2/59 HPs)
             Began as a Gargoyle Monk on Dec 11, 2021.
             Was an Elder of Hepliaklqana.
             Slain by a two-headed ogre (20 damage)
             ... on level 11 of the Dungeon.
             The game lasted 00:42:27 (9294 turns).

jlumianski the Cruncher (Gargoyle Monk)             Turns: 9294, Time: 00:42:27

Health: -2/59      AC: 18    Str: 18    XL:     11   Next: 64%
Magic:  8/11       EV: 12    Int: 13    God:    Hepliaklqana [****..]
Gold:   631        SH:  0    Dex: 18    Spells: 7/10 levels left

rFire    . . .     SeeInvis .   D - +2 lajatang (elec)
rCold    + . .     Faith    .   (shield currently unavailable)
rNeg     + . .     Spirit   .   p - +1 scale mail
rPois    ∞         Reflect  .   (no helmet)
rElec    +         Harm     .   I - scarf {repulsion}
rCorr    .         Rampage  .   t - +0 pair of gloves
Will     .....                  (no boots)
Stlth    +.........             (no amulet)
HPRegen  1.19/turn              o - +6 ring of dexterity
MPRegen  0.12/turn              K - ring of protection from cold

@: confusing by touch, repel missiles
A: reduced essence, sickness immunity, AC +8, negative energy resistance 1,
electricity resistance, torment resistance 1, petrification resistance, hooves
1, clever 1, regeneration 1
a: Renounce Religion, Recall Ancestor, Ancestor Identity, Transference, Idealise


You were on level 11 of the Dungeon.
You worshipped Hepliaklqana.
Hepliaklqana was greatly pleased with you.
You visited 1 branch of the dungeon, and saw 11 of its levels.

You collected 731 gold pieces.
You spent 100 gold pieces at shops.

Inventory:

Hand Weapons
 a - a +0 hand axe
 g - a +0 hand crossbow
 n - a +1 short sword of electrocution
 A - a +1 rapier of venom
 B - a +0 vorpal flail
 D - a +2 lajatang of electrocution (weapon)
 E - a +2 spear of venom
Missiles
 c - 2 silver javelins
 h - 72 bolts
 j - 4 boomerangs
 r - 3 javelins
 v - a throwing net
 G - 33 poisoned darts (quivered)
Armour
 p - a +1 scale mail (worn)
 t - a +0 pair of gloves (worn)
 I - a scarf of repulsion (worn)
 N - a +0 troll leather armour
Jewellery
 o - a +6 ring of dexterity (left hand)
 s - an amulet of guardian spirit
 K - a ring of protection from cold (right hand)
 M - a ring of protection from fire
Wands
 m - a wand of iceblast (11)
 q - a wand of paralysis (15)
 y - a wand of digging (4)
 F - a wand of charming (6)
Scrolls
 b - 2 scrolls of teleportation
 e - a scroll of summoning
 u - a scroll of silence
 w - 3 scrolls of immolation
 z - 3 scrolls of fear
 H - a scroll of amnesia
 O - a scroll of torment {unknown}
Potions
 d - 3 potions of haste
 f - 3 potions of curing
 i - 2 potions of heal wounds
 k - 2 potions of resistance
 l - a potion of flight
 x - a potion of magic
 C - a potion of cancellation
 J - a potion of berserk rage
 L - a potion of lignification {unknown}


   Skills:
 + Level 6.8 Fighting
 - Level 3.2 Short Blades
 + Level 4.0 Axes
 * Level 11.9 Staves
 + Level 1.1 Throwing
 + Level 7.6 Armour
 + Level 4.6 Dodging
 + Level 4.0 Stealth
 * Level 5.7 Hexes


You had 7 spell levels left.
You knew the following spells:

 Your Spells              Type           Power      Damage    Failure   Level
a - Confusing Touch       Hex            15%        N/A       24%         3

Your spell library contained the following spells:

 Spells                   Type           Power      Damage    Failure   Level
 Slow                     Hex            15%        N/A       12%         2
 Apportation              Tloc           0%         N/A       65%         1
 Blink                    Tloc           N/A        N/A       78%         2
 Lesser Beckoning         Tloc           0%         N/A       95%         3
 Vampiric Draining        Necr           0%         2d6       95%         3
 Alistair's Intoxication  Tmut/Pois      0%         N/A       100%        5
 Blade Hands              Tmut           0%         N/A       100%        5
 Irradiate                Conj/Tmut      0%         3d13      100%        5
 Manifold Assault         Tloc           0%         N/A       100%        5
 Invisibility             Hex            7%         N/A       100%        6
 Dragon Form              Tmut           0%         N/A       100%        7


Dungeon Overview and Level Annotations

Branches:
Dungeon (11/15)            Temple (0/1) D:7            Lair (0/6) D:8
    Orc (0/2) D:9

Altars:
Cheibriados
Fedhas
Gozag
Hepliaklqana
Kikubaaqudgha
Makhleb
Okawaru
Qazlal
Ru
Vehumet
The Shining One

Shops:
D:3 *!   D:5 (   D:8 :

Portals:
Trove: D:11 (give 8 potions of haste)


Innate Abilities, Weirdness & Mutations

Your life essence is reduced to manifest your ancestor. (-10% HP)
You are immune to sickness and miasma.
Your stone body is resilient. (AC +8)
You are immune to poison.
You resist negative energy. (rN+)
You are resistant to electric shocks. (rElec)
You are resistant to unholy torment.
You are immune to petrification.
You have large cloven feet.
Your mind is acute. (Int +2)
Your natural rate of healing is unusually fast.


Message History

Found a stone staircase leading down.
A two-headed ogre comes into view. It is wielding two +0 giant clubs.
The two-headed ogre shouts in stereo!
The two-headed ogre barely misses you. x2
You slash the two-headed ogre! You kick the two-headed ogre.
The two-headed ogre is moderately wounded.
Casting: Confusing Touch (dangerous; 24% risk of failure)
Confirm with . or Enter, or press ? or * to list all spells.
Your hands begin to glow red.
Necuametl gestures at the two-headed ogre while chanting.
The puff of frost hits the two-headed ogre!
The two-headed ogre hits you with a +0 giant club!!
The two-headed ogre barely misses you.
You hit the two-headed ogre but do no damage.
The two-headed ogre is heavily wounded.
Necuametl hits the two-headed ogre with a +0 quarterstaff!!
The two-headed ogre hits Necuametl with a +0 giant club!! x2
Necuametl is destroyed!
The two-headed ogre shouts in stereo!
You hit the two-headed ogre but do no damage.
You kick the two-headed ogre, but do no damage.
The two-headed ogre is severely wounded.
You hit the two-headed ogre but do no damage.
You kick the two-headed ogre, but do no damage.
The two-headed ogre is severely wounded.
The two-headed ogre hits you with a +0 giant club!
The two-headed ogre barely misses you.
You hit the two-headed ogre but do no damage.
You kick the two-headed ogre, but do no damage.
The two-headed ogre is severely wounded.
You hit the two-headed ogre but do no damage.
The two-headed ogre is severely wounded.
The two-headed ogre hits you with a +0 giant club.
The two-headed ogre closely misses you.
You hit the two-headed ogre but do no damage.
Your kick misses the two-headed ogre.
The two-headed ogre is severely wounded.
The two-headed ogre hits you with a +0 giant club!
The two-headed ogre hits you with a +0 giant club!!
You die...

######## #......#
#......#
#######.....[#
#....##......##
######.##..+......)#
#.O@#...#..#........
#.#.#.###......[....
# #.#.###.....##+###
#.#.#.............
#.#R#.##.#########
#...#>..........
################


You could see a two-headed ogre.

Vanquished Creatures
  A two-headed ogre (D:10)
  A cyclops (D:11)
  An elephant (D:8)
  A komodo dragon (D:10)
  A troll (D:11)
  A hornet (D:7)
  5 yaks
  A wraith (D:11)
  2 wyverns
  A basilisk (D:8)
  The ghost of Jack47 the Poker, an amateur MfGl of Makhleb (D:4)
  A steam dragon (D:6)
  A water moccasin (D:6)
  3 sky beasts
  3 black bears
  A necrophage (D:5)
  4 ogres
  3 centaurs
  2 phantoms (D:6)
  3 kobold brigands
  2 bullfrogs
  3 gnoll sergeants
  2 scorpions
  6 killer bees
  4 wights (D:9)
  3 howler monkeys
  2 jellies
  3 centaur zombies
  2 bullfrog zombies
  4 quasits (D:4)
  A hound (D:5)
  Ijyb (D:4)
  2 gnoll shamans
  5 iguanas
  2 orc wizards
  A scorpion zombie (D:5)
  A killer bee zombie (D:8)
  A howler monkey zombie (D:8)
  19 gnolls
  11 adders
  3 white imps
  An ufetubus (D:4)
  An adder zombie (D:5)
  2 worms (D:2)
  A dart slug (D:2)
  12 orcs
  4 endoplasms
  5 goblins
  7 hobgoblins
  2 jackals (D:2)
  5 quokkas
  6 ball pythons
  2 bats
  A frilled lizard (D:1)
  16 kobolds
  2 rats (D:1)
182 creatures vanquished.

Vanquished Creatures (collateral kills)
  Erica (D:8)
  The ghost of Powertoast the Insei, a novice OpTm of Gozag (D:6)
  Maurice (D:9)
  A troll (D:11)
  2 wyverns
  A water moccasin (D:7)
  A necrophage (D:8)
  A centaur (D:8)
  A bullfrog (D:6)
  A wight (D:9)
  4 killer bees
  A howler monkey (D:11)
  3 orc wizards
  An iguana (D:7)
  3 gnolls (D:9)
  A white imp (D:7)
  A worm (D:6)
  2 orcs
  5 kobolds
  A quokka (D:6)
33 creatures vanquished.

Vanquished Creatures (others)
  A battlemage (D:11)
1 creature vanquished.

Grand Total: 216 creatures vanquished

Notes
Turn   | Place    | Note
-------+----------+-------------------------------------------
     0 | D:1      | jlumianski the Gargoyle Monk began the quest for the Orb.
     0 | D:1      | Reached XP level 1. HP: 14/14 MP: 1/1
   444 | D:1      | Reached XP level 2. HP: 18/19 MP: 2/2
   493 | D:1      | Found a faded altar of an unknown god.
   934 | D:2      | Reached XP level 3. HP: 24/24 MP: 3/3
   969 | D:2      | Found a blossoming altar of Fedhas.
  1859 | D:3      | Found Wigir's Distillery.
  1872 | D:3      | Bought 2 potions of heal wounds for 100 gold pieces
  1917 | D:3      | Reached XP level 4. HP: 29/29 MP: 4/4
  2015 | D:3      | Found Reut's Assorted Antiques.
  2320 | D:3      | Found an ancient bone altar of Kikubaaqudgha.
  2585 | D:4      | Noticed Ijyb
  2591 | D:4      | Paralysed by Ijyb for 2 turns
  2597 | D:4      | Killed Ijyb
  2598 | D:4      | Reached skill level 1 in Armour
  2598 | D:4      | Reached XP level 5. HP: 33/33 MP: 5/5
  2632 | D:4      | Learned a level 3 spell: Confusing Touch
  2632 | D:4      | Found a transporter.
  2636 | D:4      | Noticed Jack47's ghost (amateur MfGl)
  2714 | D:4      | Found a transporter.
  3078 | D:4      | Reached skill level 1 in Short Blades
  3227 | D:4      | Found a burning altar of Makhleb.
  3232 | D:4      | Found a stormy altar of Qazlal.
  3244 | D:4      | Found an iron altar of Okawaru.
  3585 | D:4      | Gained mutation: You are partially covered in iridescent
                  | scales. (AC +2) [potion of mutation]
  3585 | D:4      | Gained mutation: You sometimes lose the ability to read
                  | scrolls when taking damage. [potion of mutation]
  3585 | D:4      | Gained mutation: Your mind is acute. (Int +2) [potion of
                  | mutation]
  3609 | D:4      | Killed Jack47's ghost
  3610 | D:4      | Reached XP level 6. HP: 13/39 MP: 6/6
  3668 | D:4      | Lost mutation: You are partially covered in iridescent
                  | scales. (AC +2) [potion of mutation]
  3668 | D:4      | Lost mutation: You sometimes lose the ability to read
                  | scrolls when taking damage. [potion of mutation]
  3668 | D:4      | Gained mutation: You have large cloven feet. [potion of
                  | mutation]
  3668 | D:4      | Gained mutation: Your natural rate of healing is unusually
                  | fast. [potion of mutation]
  3685 | D:4      | Reached XP level 7. HP: 44/44 MP: 7/7
  3738 | D:5      | Entered Level 5 of the Dungeon
  3779 | D:5      | Found Taenahig's Antique Weapon Boutique.
  4192 | D:5      | Reached skill level 1 in Hexes
  4428 | D:5      | Reached XP level 8. HP: 48/48 MP: 8/8
  4450 | D:5      | Reached skill level 1 in Staves
  4454 | D:5      | Reached skill level 5 in Armour
  4569 | D:5      | Reached skill level 2 in Staves
  4691 | D:5      | Reached skill level 5 in Fighting
  4691 | D:5      | Reached skill level 3 in Staves
  4722 | D:6      | Found a runed translucent door.
  4892 | D:6      | Reached skill level 4 in Staves
  4923 | D:6      | Found a runed translucent door.
  4926 | D:6      | Noticed Powertoast's ghost (novice OpTm)
  4963 | D:5      | Reached XP level 9. HP: 52/54 MP: 9/9
  5039 | D:6      | Reached skill level 5 in Staves
  5095 | D:6      | Found a large runed translucent door.
  5098 | D:6      | Found a large runed translucent door.
  5196 | D:6      | Found a glowing golden altar of the Shining One.
  5249 | D:6      | Reached skill level 6 in Staves
  5420 | D:6      | Found a sacrificial altar of Ru.
  5432 | D:6      | Found a hazy altar of Hepliaklqana.
  5440 | D:6      | Became a worshipper of Hepliaklqana the Forgotten
  5440 | D:6      | Reached * piety under Hepliaklqana
  5440 | D:6      | Reached ** piety under Hepliaklqana
  5441 | D:6      | Remembered your ancestor Necuametl as a battlemage
  5485 | D:6      | Killed Powertoast's ghost
  5486 | D:6      | Reached skill level 7 in Staves
  5774 | D:7      | Found a radiant altar of Vehumet.
  5944 | D:7      | Noticed a hornet
  5950 | D:7      | Killed a hornet
  5951 | D:7      | Reached skill level 8 in Staves
  5951 | D:7      | Reached skill level 1 in Throwing
  5951 | D:7      | Reached XP level 10. HP: 43/54 MP: 10/10
  6267 | D:7      | Found a staircase to the Ecumenical Temple.
  6591 | D:8      | Reached skill level 9 in Staves
  6622 | D:8      | Reached *** piety under Hepliaklqana
  6676 | D:8      | Noticed an elephant
  6677 | D:8      | Found a staircase to the Lair.
  6684 | D:8      | Killed an elephant
  6773 | D:8      | Found an opulent altar of Gozag.
  6844 | D:8      | Noticed Erica
  6853 | D:8      | HP: 1/54 [something (20)]
  6854 | D:8      | Killed Erica
  6855 | D:8      | Reached skill level 10 in Staves
  6918 | D:8      | Found Tikeny's Book Emporium.
  6988 | D:8      | Found a snail-covered altar of Cheibriados.
  7253 | D:9      | Reached XP level 11. HP: 51/57 MP: 11/11
  7594 | D:9      | Noticed Maurice
  7602 | D:9      | Killed Maurice
  7603 | D:9      | Reached skill level 5 in Hexes
  7844 | D:9      | Reached skill level 11 in Staves
  7967 | D:9      | Found a staircase to the Orcish Mines.
  8286 | D:10     | Entered Level 10 of the Dungeon
  8539 | D:10     | Noticed a two-headed ogre
  8547 | D:10     | Killed a two-headed ogre
  8790 | D:10     | Reached **** piety under Hepliaklqana
  9008 | D:11     | Found a portal to a secret trove of treasure.
  9010 | D:11     | Noticed a cyclops
  9017 | D:11     | Killed a cyclops
  9286 | D:11     | Noticed a two-headed ogre
  9294 | D:11     | Slain by a two-headed ogre

Illustrated notes

Levels and vault maps discovered:
D:1:      noname_arrival_rooms_in_the_neighbourhood, layout_loops_ring,
          ebering_ecumenical_altar_petrified
D:2:      layout_loops_ring, basic_altar
D:3:      layout_basic, marbit_many_paths, serial_shops, shop, shop
D:4:      layout_cave_pools, minmay_overflow_temple_star_quad,
          gammafunk_ghost_stat_death, abandoned_shop, kennysheep_small_spiral,
          minmay_snake_closets, uniq_ijyb
D:5:      minmay_razor_zed, layout_rooms, serial_shops, nicolae_shop_stone,
          hangedman_abyss_or_decor_stagger
D:6:      layout_basic, jmf_multi_god_temple2, lemuel_round_altar,
          ebering_ghost_sewer_f
D:7:      layout_loops_ring, mainiacjoe_overflow_24_doors,
          lemuel_temple_firewalk_b, amcnicky_mini_pool_medium
D:8:      layout_loops_ring, mainiacjoe_overflow_big_doors, david_lair_generic,
          serial_shops, nicolae_stop_n_shop_1, uniq_erica
D:9:      layout_layer_cave, orc_0_dummy, uniq_maurice
D:10:     layout_gridville
D:11:     layout_basic, serial_shops, nicolae_lakefront_shop,
          nicolae_trove_entry_free_sample, nrook_mini_vaults,
          minmay_joined_circles

Skill      XL: |  1  2  3  4  5  6  7  8  9 10 11 |
---------------+----------------------------------+-----
Axes           | 3 4 |  4.0
Fighting       | 4 5 6 |  6.8
Armour         | 1 2 3 4 5 6 7 |  7.6
Short Blades   | 2 3 |  3.2
Dodging        | 3 4 |  4.6
Hexes          | 1 3 4 5 |  5.7
Staves         | 4 8 10 11 | 11.9
Stealth        | 3 4 |  4.0
Throwing       | 1 |  1.1

Action                   |  1- 3 |  4- 6 |  7- 9 | 10-12 || total
-------------------------+-------+-------+-------+-------++-------
Melee: Hand axe          |   117 |       |       |       ||   117
       Short sword       |     4 |   153 |     5 |       ||   162
       Rapier            |       |       |    27 |       ||    27
       Kick              |       |       |    70 |    56 ||   126
       Lajatang          |       |       |   149 |   176 ||   325
Throw: Stone             |     7 |       |       |       ||     7
       Dart              |       |       |     8 |     1 ||     9
 Cast: Confusing Touch   |       |       |       |     1 ||     1
Invok: Ancestor Life: Ba |       |       |     1 |       ||     1
Evoke: Wand              |       |       |     1 |       ||     1
  Use: Potion            |     2 |     5 |       |     1 ||     8
       Scroll            |       |       |    17 |     5 ||    22
 Stab: Distracted        |       |       |     2 |     2 ||     4
       Paralysed         |       |       |     1 |       ||     1
       Sleeping          |       |       |       |     1 ||     1
Armor: Robe              |     4 |       |       |       ||     4
       Ring mail         |    36 |     6 |       |       ||    42
       Scale mail        |       |   212 |    97 |    97 ||   406
Dodge: Dodged            |    87 |   181 |   106 |   150 ||   524
